 Dungeon Crawl Stone Soup version 0.18.1-50-g88ac8fd (webtiles) character file.

466 Monkfish the Unseen (level 7, 0/60 HPs)
             Began as a Kobold Assassin on Oct 22, 2016.
             Succumbed to an orc's poison
             ... on level 4 of the Dungeon.
             The game lasted 00:12:32 (4462 turns).

Monkfish the Unseen (Kobold Assassin)               Turns: 4462, Time: 00:12:33

Health: 0/60       AC: 23    Str: 10    XL:     7   Next: 30%
Magic:  4/7        EV:  3    Int:  9    God:
Gold:   166        SH:  0    Dex: 19    Spells: 1 memorised, 3 levels left

rFire  . . .     SeeInvis .     a - +2 dagger
rCold  . . .     Gourm    .     (armour currently unavailable)
rNeg   + + +     Faith    .     (shield restricted)
rPois  +         Spirit   .     (helmet currently unavailable)
rElec  .         Dismiss  .     (cloak currently unavailable)
rCorr  .         Reflect  .     (gloves currently unavailable)
SustAt .         Harm     .     (boots currently unavailable)
MR     .....     NoTele   +     (no amulet)
Stlth  ++++++++++               (no ring)
                                (no ring)

@: lethally poisoned (0 -> -10), tree-form, very slightly contaminated, not
resistant to hostile enchantments, uncannily stealthy
A: carnivore 3
a: no special abilities


You were on level 4 of the Dungeon.
You were very full.
You were a tree.
You visited 1 branch of the dungeon, and saw 4 of its levels.

You collected 166 gold pieces.

Inventory:

Hand Weapons
 a - a +2 dagger (weapon)
 b - a +2 blowgun
Missiles
 e - 19 poisoned needles
 p - a curare-tipped needle
Armour
 c - a +1 helmet (melded)
 d - a +0 cloak (melded)
 j - a +0 pair of gloves of strength (melded)
 m - a +0 leather armour of cold resistance (melded)
 q - a +0 buckler
Wands
 h - a wand of flame (14/48)
 r - a wand of digging (4/24)
Scrolls
 l - 2 scrolls of remove curse
Potions
 f - a potion of haste
Books
 o - a book of Battle

   Spells                             Type                      Level
   a - Infusion                       Charms                       1
   b - Shroud of Golubria             Charms/Translocation         2
   c - Song of Slaying                Charms                       2
   d - Spectral Weapon                Hexes/Charms                 3
   e - Regeneration                   Charms/Necromancy            3
Comestibles
 g - 2 meat rations
 k - a royal jelly


   Skills:
 + Level 2.9 Fighting
 + Level 3.1 Short Blades
 * Level 2.9 Throwing
 * Level 3.1 Dodging
 - Level 16.4 Stealth


You had 3 spell levels left.
You knew the following spells:

 Your Spells              Type           Power        Failure   Level  Hunger
a - Regeneration          Chrm/Necr      #.........   94%         3    ####...


Dungeon Overview and Level Annotations

Branches:
Dungeon (4/15)
 Temple: D:4-7

Altars:
Cheibriados
Nemelex Xobeh
Pakellas
Xom

Shops:
D:4 }

Annotations:
D:4 Grinder


Innate Abilities, Weirdness & Mutations

You are small and have problems with some larger weapons.
You are carnivorous and can eat meat at any time.


Message History

* * * LOW HITPOINT WARNING * * *
You feel sick. The orc hits you but does no damage.
The ooze hits you but does no damage.
There is a lethal amount of poison in your body!
There is a lethal amount of poison in your body!
* * * LOW HITPOINT WARNING * * *
You feel sick. The orc hits you but does no damage.
The ooze hits you but does no damage.
You hit the ooze.
The ooze is severely wounded.
* * * LOW HITPOINT WARNING * * *
You feel sick. The ooze hits you but does no damage.
The orc hits you but does no damage.
You hit the ooze but do no damage.
The ooze is severely wounded.
* * * LOW HITPOINT WARNING * * *
You feel sick.
You barely miss the ooze.
The ooze is severely wounded.
You die...

.....# ..##.# ### ......
... ..##.# #.# ..##.#
#.# ####.# #.# ...#.#
#.# ...#.##### #.#
...+.....# #♣###
...#.###†#######J#.#
..##..........#.o..#
..##..........#..#.#####
..##..........#..#......
..##..........#........o
..##.............#######
..##.............#
..##.............#


You could see an ooze and an orc.

Vanquished Creatures
  Terence (D:2)
  4 orc priests (D:3)
  Jessica (D:2)
  2 worker ants (D:3)
  A hound skeleton (D:4)
  Robin (D:3)
  2 adders
  An ooze (D:3)
  3 worms (D:3)
  3 dart slugs (D:1)
  2 giant geckos
  10 orcs
  A ball python (D:3)
  6 giant cockroaches
  9 goblins
  9 hobgoblins
  9 jackals
  4 quokkas
  10 bats
  A giant gecko skeleton (D:4)
  8 giant newts
  7 kobolds
  7 rats
102 creatures vanquished.

Notes
Turn   | Place    | Note
--------------------------------------------------------------
     0 | D:1      | Monkfish the Kobold Assassin began the quest for the Orb.
     0 | D:1      | Reached XP level 1. HP: 12/12 MP: 1/1
    56 | D:1      | Reached XP level 2. HP: 17/17 MP: 2/2
   146 | D:1      | Reached skill level 6 in Stealth
   453 | D:1      | Reached XP level 3. HP: 19/21 MP: 3/3
   756 | D:2      | Noticed Terence
   764 | D:2      | Killed Terence
   764 | D:2      | Reached skill level 7 in Stealth
   764 | D:2      | Reached XP level 4. HP: 8/26 MP: 4/4
  1158 | D:2      | Found a shimmering altar of Xom.
  1159 | D:2      | Found an oddly glowing altar of Pakellas.
  1203 | D:2      | Noticed Jessica
  1207 | D:2      | Killed Jessica
  1255 | D:2      | Reached skill level 16 in Stealth
  1255 | D:2      | Reached XP level 5. HP: 31/31 MP: 5/5
  1354 | D:2      | Found a sparkling altar of Nemelex Xobeh.
  1647 | D:2      | Reached XP level 6. HP: 36/36 MP: 6/6
  2303 | D:3      | Noticed Grinder
  3053 | D:3      | Reached XP level 7. HP: 40/40 MP: 7/7
  3448 | D:3      | Noticed Robin
  3480 | D:3      | Killed Robin
  3875 | D:4      | Paralysed by Grinder for 2 turns
  4034 | D:4      | Found Noadei's Gadget Boutique.
  4299 | D:4      | Found a snail-covered altar of Cheibriados.
  4319 | D:4      | Learned a level 3 spell: Regeneration
  4460 | D:4      | HP: 2/60 [poisoned by an orc]
  4462 | D:4      | Succumbed to an orc's poison

Skill      XL: |  1  2  3  4  5  6  7 |
---------------+----------------------+-----
Stealth        | 6 7 16 | 16.4
Short Blades   | 3 |  3.1
Dodging        | 2 3 |  3.1
Fighting       | |  2.9
Throwing       | |  2.9

Action                   |  1- 3 |  4- 6 |  7- 9 || total
-------------------------+-------+-------+-------++-------
Melee: Dagger            |    51 |   146 |   148 ||   345
 Fire: Blowgun           |     2 |    34 |    22 ||    58
  Use: Scroll            |     2 |     3 |     3 ||     8
       Potion            |       |     8 |     2 ||    10
 Stab: Sleeping          |    10 |    13 |     5 ||    28
       Invisible         |       |     1 |       ||     1
       Distracted        |       |       |     1 ||     1
  Eat: Chunk             |     8 |     5 |     7 ||    20
Armor: Robe              |     7 |    42 |       ||    49
       Leather armour    |       |       |    33 ||    33
       Skin              |       |       |     8 ||     8
Dodge: Dodged            |    22 |   163 |   109 ||   294
